 Dungeon Crawl Stone Soup version 0.18-a0-414-g5ba3a66 (webtiles) character file.

91 IrishGriffin the Grasshopper (level 4, -2/23 HPs)
             Began as a Spriggan Warper on Dec 1, 2015.
             Killed from afar by an orc wizard (5 damage)
             ... with a magic dart
             ... on level 2 of the Dungeon.
             The game lasted 00:46:18 (6292 turns).

IrishGriffin the Grasshopper (Spriggan Warper)      Turns: 6292, Time: 00:46:18

Health: -2/23      AC:  2    Str:  7    XL:     4   Next: 33%
Magic:  9/9        EV: 19    Int: 15    God:
Gold:   45         SH:  0    Dex: 15    Spells: 4 memorised, 1 level left

rFire  . . .     SeeInvis +     a - +0 short sword
rCold  . . .     Clarity  .     k - +0 robe
rNeg   . . .     SustAt   .     (shield restricted)
rPois  .         Gourm    +     (helmet restricted)
rElec  .         Spirit   .     (no cloak)
rCorr  .         Dsmss    .     (gloves unavailable)
rMut   .         Stasis   .     (boots unavailable)
MR     .....                    j - amulet of the gourmand
Stlth  ++........               (no ring)
                                (no ring)

@: very quick, not resistant to hostile enchantments, unstealthy
A: unfitting armour, see invisible, herbivore 3, speed 3, slow metabolism 2
a: no special abilities


You were on level 2 of the Dungeon.
You were not hungry.

You visited 1 branch of the dungeon, and saw 3 of its levels.

You collected 45 gold pieces.

Inventory:

Hand Weapons
 a - a +0 short sword (weapon)
 i - a +0 club
Missiles
 e - 2 tomahawks of dispersal
 g - 33 stones (quivered)
 h - 10 sling bullets of frost
Armour
 b - a +0 robe
 k - a +0 robe (worn)
Jewellery
 j - an amulet of the gourmand (around neck)
Scrolls
 d - a scroll of blinking
Potions
 l - a potion of magic {unknown}
 m - a potion of curing
 n - a potion of haste {unknown}
 o - a potion of cure mutation {unknown}
Books
 c - a book of Spatial Translocations

   Spells                             Type                      Level
   a - Apportation                    Translocation                1
   b - Blink                          Translocation                2
   c - Shroud of Golubria             Charms/Translocation         2
   d - Portal Projectile              Translocation                3
   e - Teleport Other                 Translocation                3
   f - Passage of Golubria            Translocation                4
Comestibles
 f - 5 bread rations


   Skills:
 + Level 1.9 Fighting
 + Level 2.8 Short Blades
 + Level 2.0 Throwing
 + Level 4.6 Dodging
 + Level 0.9 Stealth
 + Level 3.1 Spellcasting
 + Level 4.8 Translocations


You had one spell level left.
You knew the following spells:

 Your Spells              Type           Power        Failure   Level  Hunger
a - Apportation           Tloc           ###.......   2%          1    #......
b - Blink                 Tloc           N/A          4%          2    ##.....
c - Teleport Other        Tloc           ###.....     10%         3    ###....
d - Shroud of Golubria    Chrm/Tloc      #.........   12%         2    ##.....


Dungeon Overview and Level Annotations

Branches:
Dungeon (3/15)

Altars:

Annotations:
D:3 IrishGriffin's ghost, novice FoHu


Innate Abilities, Weirdness & Mutations

You are tiny and cannot use many weapons and most armour.
You have supernaturally acute eyesight.
You are a herbivore.
You cover ground extremely quickly.
You need consume almost no food.


Message History

Throwing (i - inventory. (,) - cycle):
g - 35 stones (quivered)
Press: ? - help, Shift-Dir - straight line, f/p - orc wizard
Aim: an orc wizard, wielding a dagger and wearing a robe (lightly wounded)
You throw a stone.
The stone completely misses the orc wizard.
Throwing (i - inventory. (,) - cycle):
g - 34 stones (quivered)
Press: ? - help, Shift-Dir - straight line, f/p - orc wizard
Aim: an orc wizard, wielding a dagger and wearing a robe (lightly wounded)
You throw a stone.
The stone closely misses the orc wizard.
The orc wizard points at you and mumbles some strange words.
The magic dart hits you! The orc wizard casts a spell at you.
The magic dart hits you!
* * * LOW HITPOINT WARNING * * *
The orc wizard casts a spell.
The orc wizard blinks!
The orc wizard casts a spell at you. The magic dart hits you!
You die...

....####....#.###########.#
#.# ....#
##..............##.# #.#
....# #......#######.##.# #.#
....# ##.##o.# #..#.##.# #.#
....######.##..# #.......#
#.#
####.......##..#####.#.####
#.# #........#........#.# #.#
#......#.#.##.##..#.# #.#
#......#...##@##..#.# #.#
####......##).#####..#.# #.#
...'..............#..#># #.#
####......###.##§#####.# #.#
#......###..§.......# #.#
#......'..>.#.####### #.#
#......####.#.# #.#
##'########.#.############.##
#..........#.#.............#


You could see an orc wizard.

Vanquished Creatures
  2 adders (D:2)
  2 oozes
  A worm (D:2)
  A giant gecko (D:3)
  An orc (D:3)
  3 ball pythons
  4 bats
  A giant cockroach (D:2)
  5 hobgoblins
  5 jackals (D:2)
  7 giant newts
  8 goblins
  15 kobolds
  8 rats
63 creatures vanquished.

Notes
Turn   | Place    | Note
--------------------------------------------------------------
     0 | D:1      | IrishGriffin the Spriggan Warper began the quest for the Orb.
     0 | D:1      | Reached XP level 1. HP: 10/10 MP: 5/5
   563 | D:1      | Reached XP level 2. HP: 15/15 MP: 6/6
   567 | D:1      | Learned a level 2 spell: Blink
  2114 | D:2      | Reached XP level 3. HP: 8/18 MP: 8/8
  2657 | D:2      | Learned a level 3 spell: Teleport Other
  2937 | D:2      | Learned a level 3 spell: Teleport Other
  3156 | D:2      | Reached XP level 4. HP: 23/23 MP: 9/9
  4722 | D:3      | Learned a level 2 spell: Shroud of Golubria
  5748 | D:3      | Noticed IrishGriffin's ghost (novice FoHu)
  6292 | D:2      | Killed from afar by an orc wizard

Vault maps used:
D:1:      dpeg_arrival_chambers_temple_mockup
D:2:      first_bread

Action                   |  1- 3 |  4- 6 || total
-------------------------+-------+-------++-------
Melee: Short sword       |   114 |   104 ||   218
Throw: Stone             |   100 |    74 ||   174
       Tomahawk          |     3 |       ||     3
 Cast: Apportation       |     1 |       ||     1
       Blink             |       |     4 ||     4
       Teleport Other    |       |     2 ||     2
  Use: Scroll            |     5 |     1 ||     6
       Potion            |     4 |     1 ||     5
 Stab: Sleeping          |     2 |     2 ||     4
  Eat: Bread ration      |       |     1 ||     1
